Description

based on "Beginner Protoss Opening - The PiG Daily #155"

Build Order

Get SALT Encoding   

  12  0:00  Probe (Chrono Boost)  
  13  0:11  Probe (Chrono Boost)  
  14  0:21  Pylon  
  14  0:23  Probe (Chrono Boost)  
  15  0:39  Probe (Chrono Boost)  
  15  0:40  Gateway  
  16  0:45  Assimilator  
  16  0:49  Probe x4 (Chrono Boost)  send one scouting
  19  1:24  Nexus  
  19  1:36  Cybernetics Core  
  19  1:38  Assimilator  
  19  1:40  Pylon  
  19  1:43  Probe x3 (Chrono Boost)  
  22  2:12  Warp Gate, Adept  
  25  2:34  Mothership Core (Chrono Boost)  
  25  2:35  Adept  
  28  2:50  Gateway x2  
  34  3:12  Pylon  
  35  3:14  Adept  
  40  3:20  Forge  
  42  3:40  Robotics Facility  
  42  3:45  Twilight Council  
  43  3:51  Pylon  
  47  4:15  Resonating Glaives, Adept x3  
  54  4:20  Assimilator x2  
  54  4:23  Observer  
  58  4:40  Adept x2  
  62  4:43  Pylon  
  62  5:00  Immortal  
  66  5:05  Photon Cannon x2  in mineral line of main and expo
  68  5:25  Gateway x3  
  69  5:30  Immortal, Adept  
  74  5:40  Photon Cannon x2  main, main
  74  5:45  Photon Cannon x2  expo, expo
  67  6:00  Action  observer to enemy army
  78  6:10  Nexus  
Spawning Tool Build Advisor. Get it on Overwolf

Go to:

Details

  • Created by: shadr
  • Published on: Jul 30, 2017
  • Modified on: Jul 30, 2017
  • Patch: 3.8.0
  • Difficulty: Easy
Show
View Real Time Build Order
Export as new Build Order

Comments (0)

There are no comments. Be the first!

Create an account to comment!